 Dungeon Crawl Stone Soup version 0.28.0-53-g5a82cb258f (webtiles) character file.

Game seed: 16168875843969220257

758 cbfl8 the Chopper (level 7, -9/82 HPs)
             Began as a Demonspawn Berserker on Sept 10, 2022.
             Was a Priest of Trog.
             Killed from afar by an acid dragon (26 damage)
             ... with a splash of acid
             ... on level 5 of the Dungeon.
             The game lasted 00:05:43 (5648 turns).

cbfl8 the Chopper (Demonspawn Berserker)            Turns: 5648, Time: 00:05:44

Health: -9/82      AC:  4    Str: 19    XL:     7   Next: 50%
Magic:  7/7        EV: 10    Int:  9    God:    Trog [***...]
Gold:   141        SH:  0    Dex: 12    Spells: 6/6 levels left

rFire   . . .      SeeInvis .   m - +0 hand axe (vorpal)
rCold   . . .      Faith    .   (no shield)
rNeg    . . .      Spirit   .   e - +0 scale mail
rPois   .          Reflect  .   (helmet restricted)
rElec   .          Harm     .   n - +0 cloak
rCorr   .          Rampage  .   (no gloves)
Will    .....                   (no boots)
Stlth   ..........              (no amulet)
HPRegen 0.23/turn               (no ring)
MPRegen 0.10/turn               (no ring)

@: berserking, corroded, very quick
A: hooves 1, horns 1, ignite blood 1
a: Renounce Religion, Berserk, Trog's Hand


You were on level 5 of the Dungeon.
You worshipped Trog.
Trog was most pleased with you.
You visited 1 branch of the dungeon, and saw 5 of its levels.

You collected 141 gold pieces.

Inventory:

Hand Weapons
 m - a +0 vorpal hand axe (weapon)
Armour
 e - a +0 scale mail (worn)
 n - a +0 cloak (worn)
Scrolls
 a - a scroll of amnesia {unknown}
 b - a scroll of acquirement {unknown}
 d - 4 scrolls of identify {unknown}
 f - a scroll of vulnerability {unknown}
 g - a scroll of teleportation {unknown}
 h - a scroll of blinking {unknown}
 j - 2 scrolls of immolation {unknown}
Potions
 c - a potion of degeneration {unknown}
 i - a potion of cancellation {unknown}
 k - a potion of haste {unknown}
 l - a potion of magic {unknown}


   Skills:
 * Level 4.9 Fighting
 * Level 5.5 Axes
 + Level 3.2 Armour
 * Level 3.2 Dodging
 + Level 0.5 Stealth
 * Level 2.4 Evocations


You had 6 spell levels left.
You didn't know any spells.
Your spell library was empty.

Dungeon Overview and Level Annotations

Branches:
Dungeon (5/15)             Temple (0/1) D:4

Altars:

Annotations:
D:4 2 transporters, safid's ghost, amateur HOFi


Innate Abilities, Weirdness & Mutations

You have large cloven feet.
You have a pair of small horns on your head.
Your demonic aura sometimes causes spilled blood to erupt in flames.


Message History

The acid dragon is moderately wounded.
The acid dragon bites you but does no damage.
The acid dragon closely misses you.
You hit the acid dragon.
You kick the acid dragon, but do no damage.
The acid dragon is heavily wounded.
A scorpion comes into view.
The acid dragon bites you! The acid dragon claws you.
Press: ? - help, v - describe, . - travel The floor.
You completely miss the acid dragon. Your kick misses the acid dragon.
The acid dragon is heavily wounded.
The acid dragon bites you but does no damage.
The acid dragon barely misses you.
You hit the acid dragon.
The acid dragon is heavily wounded.
The acid dragon spits acid at you. The splash of acid hits you!!
* * * LOW HITPOINT WARNING * * *
The acid corrodes you!
A red film seems to cover your vision as you go berserk!
You feel yourself moving faster!
You feel mighty! The acid dragon bites you.
* * * LOW HITPOINT WARNING * * *
The acid dragon claws you.
* * * LOW HITPOINT WARNING * * *
You closely miss the acid dragon.
You kick the acid dragon, but do no damage.
The acid dragon is heavily wounded.
The acid dragon barely misses you. x2
You hit the acid dragon. Your headbutt misses the acid dragon.
The acid dragon is almost dead.
You closely miss the acid dragon.
The acid dragon is almost dead.
The acid dragon barely misses you.
The acid dragon claws you but does no damage.
You closely miss the acid dragon.
The acid dragon is almost dead.
The acid dragon spits acid at you. The splash of acid hits you!!
You die...

################
#.......<......#
#.########....#. #.#
#### #.## #.# #.. .#
#.######.# #.#
#........###.####...
######...........?.#
#...###@#.#### #.#.#
#D# #.#.. .s.
....###.## .....#
#.# ......# #.. ...
...# ##. .


You could see an acid dragon (catching breath) and a scorpion.

Vanquished Creatures
  2 necrophages (D:4)
  2 ogres (D:4)
  2 scorpions
  A hound (D:4)
  An orc priest (D:4)
  2 orc wizards
  4 gnolls
  3 adders
  An ufetubus (D:3)
  4 worms
  7 dart slugs
  4 orcs
  7 ball pythons
  10 endoplasms
  4 giant cockroaches
  9 goblins
  9 hobgoblins
  4 jackals (D:2)
  7 quokkas
  5 bats
  2 frilled lizards (D:2)
  4 kobolds
  8 rats
102 creatures vanquished.

Vanquished Creatures (others)
  A withered plant (D:1)
1 creature vanquished.

Grand Total: 103 creatures vanquished

Notes
Turn   | Place    | Note
-------+----------+-------------------------------------------
     0 | D:1      | cbfl8 the Demonspawn Berserker began the quest for the Orb.
     0 | D:1      | Reached XP level 1. HP: 18/18 MP: 1/1
   526 | D:1      | Discovered your monstrous ancestry.
   526 | D:1      | Gained mutation: You have a pair of small horns on your
                  | head. [demonic ancestry]
   526 | D:1      | Reached XP level 2. HP: 23/24 MP: 2/2
   562 | D:1      | Reached skill level 3 in Axes
   592 | D:1      | Found a faded altar of an unknown god.
   775 | D:1      | Reached XP level 3. HP: 13/29 MP: 3/3
  1534 | D:2      | Reached ** piety under Trog
  1823 | D:2      | Reached skill level 1 in Evocations
  1823 | D:2      | Gained mutation: Your demonic aura sometimes causes spilled
                  | blood to erupt in flames. [demonic ancestry]
  1823 | D:2      | Reached XP level 4. HP: 30/36 MP: 4/4
  2826 | D:3      | Reached XP level 5. HP: 27/42 MP: 5/5
  3414 | D:3      | Reached *** piety under Trog
  3625 | D:4      | Noticed a necrophage
  3641 | D:4      | Killed a necrophage
  3642 | D:4      | Reached skill level 4 in Axes
  3675 | D:4      | Reached XP level 6. HP: 31/49 MP: 6/6
  4578 | D:4      | Reached skill level 5 in Axes
  4578 | D:4      | Gained mutation: You have large cloven feet. [demonic
                  | ancestry]
  4578 | D:4      | Reached XP level 7. HP: 42/55 MP: 7/7
  4984 | D:4      | Found a staircase to the Ecumenical Temple.
  5008 | D:4      | Found a transporter.
  5008 | D:4      | Found a transporter.
  5008 | D:4      | Noticed safid's ghost (amateur HOFi)
  5525 | D:5      | Entered Level 5 of the Dungeon
  5648 | D:5      | Killed from afar by an acid dragon

Illustrated notes

Levels and vault maps discovered:
D:1:      dpeg_arrival_arbitrary_a, layout_loops_cross,
          shapermc_ecumenical_altar_gd, chequers_arboretum
D:2:      layout_basic
D:3:      layout_basic, st_stairs_10
D:4:      layout_loops_ring, minmay_temple_entry_antechambers,
          gammafunk_ghost_smash, serial_bayou_pond_a
D:5:      layout_loops_ring, uniq_prince_ribbit1

Skill      XL: |  1  2  3  4  5  6  7 |
---------------+----------------------+-----
Axes           | 3 4 5 |  5.5
Dodging        | 2 3 |  3.2
Evocations     | 1 2 |  2.4
Armour         | 2 3 |  3.2
Fighting       | 4 |  4.9
Stealth        | |  0.5

Action                   |  1- 3 |  4- 6 |  7- 9 || total
-------------------------+-------+-------+-------++-------
Melee: Hand axe          |   104 |   160 |    44 ||   308
       Headbutt          |    15 |    24 |     9 ||    48
       Punch             |     4 |     1 |     1 ||     6
       Kick              |       |       |    11 ||    11
Invok: Berserk           |       |     3 |     1 ||     4
       Trog's Hand       |       |     1 |       ||     1
Armor: Animal skin       |     3 |       |       ||     3
       Scale mail        |    36 |    62 |    16 ||   114
Dodge: Dodged            |    69 |    84 |    20 ||   173
